 Dungeon Crawl Stone Soup version 0.14.2 (webtiles) character file.

138881 ulrikemeinhof the Eclecticist (level 16, -6/90 (92) HPs)
             Began as a Deep Elf Ice Elementalist on Oct 20, 2016.
             Was the Champion of Sif Muna.
             Mangled by the royal jelly (16 damage)
             ... on Level 6 of the Pits of Slime on Oct 21, 2016.
             The game lasted 05:31:43 (19232 turns).

ulrikemeinhof the Eclecticist (DEIE)               Turns: 19232, Time: 05:31:43

HP  -6/90 (92)   AC 19     Str  9      XL: 16   Next: 38%
MP   2/49        EV 15     Int 24      God: Sif Muna [******]
Gold 1953        SH  0     Dex 15      Spells: 10 memorised, 15 levels left

rFire  . . .     SeeInvis .     r - staff of power
rCold  . . .     Clarity  .     t - +2 troll leather armour
rNeg   . . .     Conserve .     (no shield)
rPois  +         rCorr    +     s - +1 helmet
rElec  .         rRot     .     B - +2 cloak
SustAb . .       Spirit   .     b - -1 pair of gloves
rMut   .         Warding  .     m - +2 pair of boots {Stlth+}
Saprov . . .     Stasis   .     e - amulet of resist corrosion
MR     ++...                    p - ring of poison resistance
                                J - +5 ring of protection

@: regenerating, very resistant to hostile enchantments, stealthy
A: deformed body, fast metabolism 1, low mp 2, magic resistance 1, wild magic 1
a: Channel Energy, Forget Spell, Renounce Religion
}: 1/15 runes: decaying


You were on level 6 of the Pits of Slime.
You worshipped Sif Muna.
Sif Muna was exalted by your worship.
You were near starving.

You visited 8 branches of the dungeon, and saw 39 of its levels.
You also visited: Labyrinth, Ossuary and Ice Cave.

You collected 2735 gold pieces.
You spent 782 gold pieces at shops.

Inventory:

Hand weapons
 d - the +4,+8 dagger of Dutaud {flame, SInv}
   (You found it on level 10 of the Dungeon)

   It emits flame when wielded, causing extra injury to most foes and up to
   double damage against particularly susceptible opponents.
   It enhances your eyesight.
Armour
 b - a -1 pair of gloves (worn)
 m - a +2 pair of boots of stealth (worn)
 s - a +1 helmet (worn)
 t - a +2 troll leather armour (worn)
 B - a +2 cloak (worn)
Magical devices
 A - a wand of slowing (18)
 I - a wand of flame (6)
 K - a wand of enslavement (5)
 M - a wand of teleportation (0)
 Q - a wand of random effects (9)
Comestibles
 c - a bread ration
 C - 3 chokos
Scrolls
 j - 4 scrolls of identify
 F - a scroll of remove curse
Jewellery
 e - an amulet of resist corrosion (around neck)
 p - a ring of poison resistance (right hand)
 x - an uncursed amulet of the gourmand
 J - a +5 ring of protection (left hand)
Potions
 S - a potion of curing
Books
 a - a book of Unlife

   Spells                             Type                      Level
   Recall                             Summoning/Translocation      3
   Animate Dead                       Necromancy                   4
   Control Undead                     Necromancy                   4
   Twisted Resurrection               Necromancy                   5
   Death Channel                      Necromancy                   6
   Simulacrum                         Ice/Necromancy               6
 f - Sif Muna's Advanced Steps in Witchcraft
   (Sif Muna gifted it to you on level 6 of the Pits of Slime)

   Spells                             Type                      Level
   Bolt of Magma                      Conjuration/Fire/Earth       5
   Lee's Rapid Deconstruction         Earth                        5
   Silence                            Hexes/Air                    5
   Summon Mana Viper                  Hexes/Summoning              5
   Dispel Undead                      Necromancy                   5
   Summon Demon                       Summoning                    5
 g - a book of Summonings

   Spells                             Type                      Level
   Abjuration                         Summoning                    3
   Recall                             Summoning/Translocation      3
   Summon Elemental                   Summoning                    4
   Shadow Creatures                   Summoning                    5
   Summon Demon                       Summoning                    5
   Monstrous Menagerie                Summoning                    6
Magical staves
 r - an uncursed staff of power (weapon)
Rods
 O - a +4 lightning rod (13/13)
   (You found it in a labyrinth)


   Skills:
 - Level 7.7 Fighting
 - Level 6.6 Armour
 - Level 7.1 Dodging
 - Level 2.4 Stealth
 * Level 16.0 Spellcasting
 * Level 12.0 Conjurations
 - Level 10.1 Charms
 - Level 7.2 Summonings
 - Level 6.3 Necromancy
 - Level 6.0 Translocations
 * Level 14.3 Ice Magic
 * Level 6.0 Air Magic
 - Level 8.1 Invocations
 - Level 8.0 Evocations


You had 15 spell levels left.
You knew the following spells:

 Your Spells              Type           Power        Failure   Level  Hunger
a - Freeze                Ice            ####         1%          1    None
c - Throw Frost           Conj/Ice       ######       1%          2    None
e - Blink                 Tloc           N/A          2%          2    None
f - Conjure Flame         Conj/Fire      ######..     3%          3    None
i - Freezing Cloud        Conj/Ice/Air   #######...   16%         6    ####...
q - Condensation Shield   Ice            #######...   1%          4    None
r - Regeneration          Chrm/Necr      ######....   2%          3    None
s - Summon Ice Beast      Ice/Summ       #######.     2%          4    None
t - Throw Icicle          Conj/Ice       #######.     1%          4    None
w - Ozocubu's Armour      Chrm/Ice       #######...   1%          3    None


Dungeon Overview and Level Annotations

Branches:
Dungeon (11/15)            Temple (1/1) D:6             Orc (4/4) D:10
    Elf (1/3) Orc:4          Lair (8/8) D:10          Swamp (5/5) Lair:3
 Spider (3/5) Lair:3        Slime (6/6) Lair:7

Altars:
Ashenzari
Cheibriados
Dithmenos
Elyvilon
Fedhas
Kikubaaqudgha
Makhleb
Nemelex Xobeh
Okawaru
Sif Muna
Trog
Vehumet
Xom
Yredelemnul
Zin
The Shining One
Jiyva

Shops:
D:6 :   Orc:3 [   Orc:4 ?!(!(

Annotations:
D:7 ulrikemeinhof's ghost, average DEIE
Slime:1 ulrikemeinhof's ghost, powerful SpWr
Slime:6 Royal Jelly


Innate Abilities, Weirdness & Mutations

Armour fits poorly on your strangely shaped body.
You have a fast metabolism.
Your magical capacity is very low (-20% MP).
You are resistant to hostile enchantments.
Your spells are a little harder to cast, but a little more powerful.


Message History

* * * LOW HITPOINT WARNING * * *
Casting: Blink
Confirm with . or Enter, or press ? or * to list all spells.
You blink.
Your skin stops crawling.
A golden eye comes into view.
The golden eye moves out of view. 2 golden eyes come into view.
The acid blob spits acid at you. The splash of acid hits you! You resist.
The acid burns!
You resist.
* * * LOW HITPOINT WARNING * * *
The golden eye moves out of view. x2
Casting: Blink
Confirm with . or Enter, or press ? or * to list all spells.
Your skin crawls.
The acid blob spits acid at you. The splash of acid hits you! You resist.
The acid burns!
You resist.
* * * LOW HITPOINT WARNING * * *
x2 The royal jelly hits you!
You die...

.................................
.................................
.................................
......................G..........
.................................
.............J...................
..............J..................
..............JJ.................
###...........J.@................
##.............................
##............................
*,,,.........................
***,,........................
**,,.......................
*,,,,......................
***,,,...................#.
*,***.........<.......###


You could see the royal jelly, an acid blob, an azure jelly, 2 death oozes and a
golden eye.

Vanquished Creatures
  the Lernaean hydra (Swamp:5)
  8 acid blobs
  2 thorn hunters
  5 azure jellies (Slime:6)
  4 death oozes (Slime:6)
  Fannar (D:10)
  5 alligators
  A great orb of eyes (Slime:5)
  11 hydras
  A death yak (Lair:7)
  3 orc high priests (Orc:4)
  A catoblepas (Lair:7)
  Nergalle (D:10)
  2 spriggan druids (Swamp:5)
  2 orb spiders (Spider:1)
  8 swamp dragons
  2 hill giants
  5 red wasps
  4 orc knights
  12 wolf spiders
  A salamander (shapeshifter) (D:11)
  4 orc sorcerers
  6 elephants
  4 shining eyes
  A griffon (Lair:4)
  A cyclops (D:11)
  3 black mambas
  2 vapours
  6 spiny frogs
  A kobold demonologist (D:11)
  A hellwing (Orc:4)
  A deep elf priest (Elf:1)
  A red devil (Orc:4)
  2 fire drakes
  2 trolls
  8 komodo dragons
  3 giant leeches
  6 demonic crawlers
  2 jumping spiders (Lair:6)
  12 slime creatures
  Prince Ribbit (Orc:1)
  6 ravens
  15 blink frogs
  5 bog bodies
  A grizzly bear (Lair:4)
  3 baby alligators (Swamp:5)
  2 boulder beetles
  A griffon zombie (D:11)
  14 redbacks
  11 brown oozes
  2 thorn lotuses
  6 trapdoor spiders
  6 basilisks
  A steam dragon (D:11)
  A deep elf mage (D:11)
  11 yaks
  An elephant slug (Lair:3)
  9 tarantellas
  4 hippogriffs
  13 golden eyes
  14 vampire mosquitoes
  2 deep elf fighters
  A hill giant skeleton (D:8)
  5 wolves (Lair:7)
  4 wargs
  12 swamp worms
  14 swamp drakes
  4 porcupines
  8 water moccasins
  3 ice beasts
  12 orc warriors
  8 spiders (Spider:1)
  A centaur (D:10)
  3 giant goldfish
  A sky beast (D:10)
  2 phantoms (D:10)
  8 crocodiles
  8 ogres
  4 giant slugs
  3 big kobolds
  7 giant frogs
  8 insubstantial wisps (Swamp:2)
  6 scorpions
  6 eyes of draining
  An electric eel (Spider:1)
  3 killer bees (D:11)
  2 crimson imps
  2 goliath beetles
  A giant frog zombie (D:11)
  2 jellies
  4 big fish
  A human zombie (D:5)
  7 hounds
  17 orc priests
  5 worker ants
  15 orc wizards
  6 iguanas
  A sheep (Orc:4)
  A big kobold zombie (Ossuary)
  2 ogre zombies (D:10)
  19 green rats
  6 gnolls
  9 adders
  A giant mite (D:8)
  7 white imps (Lair:2)
  A shadow imp (D:6)
  3 worms
  3 giant eyeballs
  8 giant geckos
  3 oozes
  47 orcs
  17 bats
  2 giant cockroaches
  7 hobgoblins
  24 jackals
  4 quokkas
  2 giant newts
  7 goblins
  2 goblin skeletons (D:10)
  2 goblin zombies (D:10)
  2 hobgoblin skeletons (D:10)
  A hobgoblin zombie (D:10)
  21 kobolds
  A kobold zombie (Ossuary)
  An orc skeleton (D:10)
  10 orc zombies
  22 rats
  A fungus (Lair:6)
  3 plants (Lair:8)
709 creatures vanquished.

Vanquished Creatures (collateral kills)
  Arachne (Spider:2)
  5 acid blobs (Slime:6)
  2 azure jellies (Slime:6)
  A stone giant (Orc:3)
  A minotaur (Lab)
  2 great orbs of eyes (Slime:6)
  3 hydras
  Harold (Orc:2)
  3 death yaks (Lair:7)
  2 swamp dragons
  An orc knight (Orc:4)
  A cyclops (Orc:4)
  A wolf spider (Lair:3)
  An orc sorcerer (Orc:4)
  An eye of devastation (Slime:6)
  2 spiny frogs
  5 elephants
  A komodo dragon (Lair:3)
  The ghost of ulrikemeinhof the Magician, an experienced DECj of Sif Muna (D:9)
  Grinder (D:6)
  3 blink frogs
  A bog body (Swamp:2)
  12 slime creatures
  19 yaks
  A shark (Spider:1)
  2 basilisks
  A wyvern (D:8)
  2 redbacks (Spider:1)
  Eustachio (D:6)
  A golden eye (Slime:6)
  A wolf (IceCv)
  A hill giant zombie (D:10)
  3 vampire mosquitoes
  3 steam dragons (Lair:8)
  3 swamp worms
  Edmund (Orc:1)
  2 hungry ghosts (D:10)
  A mottled dragon (Lair:8)
  The ghost of ulrikemeinhof the Caller, an average DESu of Sif Muna (D:6)
  A necrophage (D:8)
  5 orc warriors
  A spider (Spider:1)
  2 giant goldfish
  An ogre (Orc:2)
  2 crocodiles (Lair:8)
  3 giant frogs
  2 giant slugs
  2 big kobolds
  Blork the orc (D:6)
  2 eyes of draining (Slime:6)
  An insubstantial wisp (Swamp:2)
  An elf skeleton (D:5)
  2 scorpions
  A killer bee (D:11)
  A hippogriff skeleton (D:8)
  A jelly (Slime:6)
  An orc priest (Orc:2)
  An orc wizard (Orc:1)
  A giant frog skeleton (D:5)
  A human zombie (D:5)
  A quasit (D:7)
  5 worker ants
  A human skeleton (D:5)
  An iguana (D:8)
  3 sheep (Orc:4)
  3 ogre zombies (D:10)
  A big kobold skeleton (D:9)
  A hound zombie (D:6)
  10 mummies (Ossuary)
  14 green rats
  An adder (D:5)
  3 gnolls
  A shadow imp (D:7)
  A giant mite (D:6)
  5 white imps (Lair:2)
  A worm (D:7)
  An adder skeleton (D:5)
  An iguana skeleton (D:5)
  A giant gecko (Lair:6)
  An ooze (Slime:6)
  40 orcs
  8 bats
  4 goblins
  4 hobgoblins
  3 jackals (Lair:5)
  6 kobolds
  2 quokkas
  A giant newt skeleton (D:5)
  A goblin zombie (D:10)
  2 hobgoblin zombies
  A jackal zombie (D:5)
  A kobold zombie (Ossuary)
  An orc skeleton (D:5)
  12 orc zombies
  4 rats
  A fungus (Lair:7)
  2 plants
277 creatures vanquished.

Vanquished Creatures (others)
  A deep elf fighter (Elf:1)
  A porcupine (Lair:7)
  93 ice beasts
  An iron imp (D:9)
  3 fungi
99 creatures vanquished.

Grand Total: 1085 creatures vanquished

Notes
Turn   | Place    | Note
--------------------------------------------------------------
     0 | D:1      | ulrikemeinhof, the Deep Elf Ice Elementalist, began the quest for the Orb.
     0 | D:1      | Reached XP level 1. HP: 10/10 MP: 5/5
   169 | D:2      | Reached XP level 2. HP: 15/15 MP: 3/8
   173 | D:2      | Learned a level 2 spell: Throw Frost
   312 | D:3      | Reached skill level 4 in Spellcasting
   539 | D:4      | Noticed a scorpion
   571 | D:4      | Reached XP level 3. HP: 15/19 MP: 1/13
   678 | D:4      | Reached skill level 5 in Spellcasting
   678 | D:4      | Reached XP level 4. HP: 17/24 MP: 3/17
   683 | D:4      | Learned a level 3 spell: Ozocubu's Armour
   688 | D:4      | Learned a level 4 spell: Condensation Shield
   786 | D:5      | Entered Level 5 of the Dungeon
   882 | D:4      | HP: 1/24 [orc priest/divine providence (11)]
   900 | D:4      | Reached skill level 6 in Spellcasting
   900 | D:4      | Reached XP level 5. HP: 5/28 MP: 10/20
   911 | D:4      | Learned a level 4 spell: Summon Ice Beast
  1289 | D:5      | Reached skill level 5 in Ice Magic
  1361 | D:5      | Reached XP level 6. HP: 16/33 MP: 9/22
  1367 | D:5      | Learned a level 4 spell: Throw Icicle
  1419 | D:5      | Noticed a big kobold
  1427 | D:5      | Killed a big kobold
  1569 | D:5      | Found a blossoming altar of Fedhas.
  1599 | D:5      | Found a sand-covered staircase.
  1632 | D:5      | Reached skill level 1 in Summonings
  1639 | Ossuary  | Entered an ossuary
  2130 | D:5      | Reached XP level 7. HP: 35/37 MP: 20/24
  2245 | D:6      | Noticed Eustachio
  2252 | D:6      | Killed Eustachio
  2283 | D:6      | Found a staircase to the Ecumenical Temple.
  2291 | Temple   | Entered the Ecumenical Temple
  2330 | Temple   | Became a worshipper of Sif Muna the Loreminder
  2400 | D:6      | Found Blil's Book Emporium.
  2409 | D:6      | Bought a book of Minor Magic for 260 gold pieces
  2424 | D:6      | Noticed ulrikemeinhof's ghost (average DESu)
  2452 | D:6      | Killed ulrikemeinhof's ghost
  2462 | D:6      | Found a glowing silver altar of Zin.
  2538 | D:6      | Noticed Grinder
  2566 | D:6      | Killed Grinder
  2566 | D:6      | Reached skill level 7 in Ice Magic
  2577 | D:6      | Noticed Blork the orc
  2666 | D:6      | Killed Blork the orc
  2831 | D:7      | Reached XP level 8. HP: 28/42 MP: 8/25
  2851 | D:7      | Noticed ulrikemeinhof's ghost (average DEIE)
  2904 | D:7      | Paralysed by a potion of paralysis for 5 turns
  2911 | D:7      | Gained mutation: You have a fast metabolism. [potion of mutation]
  2911 | D:7      | Gained mutation: You are resistant to hostile enchantments. [potion of mutation]
  2911 | D:7      | Gained mutation: Your spells are a little harder to cast, but a little more powerful. [potion of mutation]
  3167 | D:9      | Noticed ulrikemeinhof's ghost (experienced DECj)
  3258 | D:8      | Reached skill level 1 in Fighting
  3258 | D:8      | Reached skill level 1 in Charms
  3277 | D:8      | Acquired Sif Muna's first power
  3338 | D:8      | Reached skill level 1 in Armour
  3338 | D:8      | Reached skill level 1 in Invocations
  3415 | D:8      | Learned a level 2 spell: Blink
  3737 | D:9      | Reached skill level 8 in Ice Magic
  3760 | D:9      | Killed ulrikemeinhof's ghost
  3904 | D:9      | Reached XP level 9. HP: 48/48 MP: 17/28
  3924 | D:10     | Entered Level 10 of the Dungeon
  3932 | D:10     | Acquired Sif Muna's second power
  4047 | D:10     | Reached skill level 5 in Summonings
  4072 | D:10     | Found a staircase to the Lair.
  4085 | Lair:1   | Entered Level 1 of the Lair of Beasts
  4085 | Lair:1   | Noticed a black mamba
  4087 | Lair:1   | Killed a black mamba
  4223 | Lair:1   | Reached skill level 9 in Ice Magic
  4397 | Lair:2   | Found a frozen archway.
  4522 | IceCv    | Entered an ice cave
  4535 | IceCv    | Reached skill level 5 in Charms
  4538 | IceCv    | Reached skill level 5 in Conjurations
  4538 | IceCv    | Reached XP level 10. HP: 55/55 MP: 14/31
  4572 | IceCv    | Learned a level 3 spell: Conjure Flame
  4635 | Lair:3   | Found a hole to the Spider Nest.
  4635 | Lair:3   | Noticed a wolf spider
  4642 | Lair:3   | Killed a wolf spider
  4727 | Lair:3   | Reached skill level 1 in Evocations
  4762 | Lair:3   | Found a labyrinth entrance.
  4813 | Lab      | Entered a labyrinth
  5712 | Lab      | Noticed a minotaur
  5730 | Lab      | Killed a minotaur
  5730 | Lab      | Reached skill level 10 in Spellcasting
  5745 | Lab      | Got a pitted ivory ring
  5805 | Lair:2   | Acquired Sif Muna's third power
  5964 | Lair:2   | Identified the ring "Biracs" {rF- MP+9 Str-2 Int+3} (You found it in a labyrinth)
  6117 | Lair:3   | Found a staircase to the Swamp.
  6202 | Lair:4   | Noticed a griffon
  6207 | Lair:4   | Killed a griffon
  6332 | Lair:4   | Noticed a black mamba
  6342 | Lair:4   | Killed a black mamba
  6342 | Lair:4   | Reached skill level 10 in Ice Magic
  6342 | Lair:4   | Reached XP level 11. HP: 60/60 MP: 30/32
  6448 | Lair:4   | Reached skill level 1 in Translocations
  6475 | Lair:4   | Learned a level 3 spell: Regeneration
  6805 | Lair:7   | Noticed a catoblepas
  6894 | Lair:6   | Reached skill level 1 in Necromancy
  7055 | Lair:6   | Reached skill level 11 in Spellcasting
  7298 | Lair:6   | Received a gift from Sif Muna
  7298 | Lair:6   | Reached skill level 5 in Invocations
  7299 | Lair:6   | Identified Sif Muna's Guide on Burning Augmentations (Sif Muna gifted it to you on level 6 of the Lair of Beasts)
  7314 | Lair:7   | Noticed a death yak
  7314 | Lair:7   | Noticed a death yak
  7315 | Lair:7   | Noticed a death yak
  7315 | Lair:7   | Noticed a death yak
  7322 | Lair:7   | Killed a death yak
  7323 | Lair:7   | Killed a death yak
  7326 | Lair:7   | Killed a death yak
  7328 | Lair:7   | Killed a death yak
  7429 | Lair:8   | Entered Level 8 of the Lair of Beasts
  7490 | Lair:8   | Reached XP level 12. HP: 66/66 MP: 27/34
  7629 | Lair:8   | Noticed an eight-headed hydra
  7634 | Lair:8   | Killed an eight-headed hydra
  7839 | Lair:8   | Noticed a four-headed hydra
  7843 | Lair:8   | Killed a four-headed hydra
  7882 | Lair:8   | Reached skill level 12 in Spellcasting
  7957 | Lair:8   | Reached skill level 5 in Fighting
  8143 | Lair:8   | Noticed a fire dragon
  9070 | D:10     | Found a staircase to the Orcish Mines.
  9139 | D:10     | Got an iridescent dagger
  9140 | D:10     | Identified the +4,+8 dagger of Dutaud {flame, SInv} (You found it on level 10 of the Dungeon)
  9204 | Orc:1    | Entered Level 1 of the Orcish Mines
  9334 | Orc:1    | Noticed Prince Ribbit
  9337 | Orc:1    | Killed Prince Ribbit
  9369 | Orc:1    | Noticed Edmund
  9382 | Orc:1    | Killed Edmund
  9389 | Orc:1    | Received a gift from Sif Muna
  9398 | Orc:1    | Identified Sif Muna's Grimoire of Darkness (Sif Muna gifted it to you on level 1 of the Orcish Mines)
  9542 | Orc:2    | Noticed Harold
  9550 | Orc:2    | Killed Harold
  9550 | Orc:2    | Reached skill level 5 in Armour
  9550 | Orc:2    | Reached XP level 13. HP: 50/73 MP: 21/36
  9810 | Orc:4    | Entered Level 4 of the Orcish Mines
 10023 | Orc:4    | Found Thousim's Distillery.
 10036 | Orc:4    | Reached skill level 5 in Evocations
 10188 | Orc:4    | Reached skill level 5 in Necromancy
 10498 | Orc:4    | Reached skill level 13 in Spellcasting
 10553 | Orc:4    | Found Tron Noop's Antique Weapon Boutique.
 10553 | Orc:4    | Found Cleptesm's Distillery.
 10554 | Orc:4    | Found Gufuz's Magic Scroll Emporium.
 10611 | Orc:4    | Bought a scroll of identify for 30 gold pieces
 10611 | Orc:4    | Bought a scroll of magic mapping for 52 gold pieces
 10611 | Orc:4    | Bought a scroll of magic mapping for 52 gold pieces
 10614 | Orc:4    | Bought a potion of poison for 16 gold pieces
 10614 | Orc:4    | Bought a potion of confusion for 16 gold pieces
 10627 | Orc:4    | Bought a potion of strong poison for 28 gold pieces
 10627 | Orc:4    | Bought a potion of degeneration for 28 gold pieces
 10627 | Orc:4    | Bought a potion of flight for 42 gold pieces
 10682 | Orc:4    | Found Utevaloxt's Weapon Boutique.
 10700 | Orc:3    | Noticed a stone giant
 10718 | Orc:3    | Killed a stone giant
 10971 | Orc:3    | Found Balung's Armour Boutique.
 10978 | Orc:3    | Bought a +2 pair of boots of stealth for 258 gold pieces
 11121 | Orc:4    | Found a staircase to the Elven Halls.
 11130 | Elf:1    | Entered Level 1 of the Elven Halls
 11475 | Orc:2    | Paralysed by an orc sorcerer for 3 turns
 11595 | D:10     | Noticed a hill giant
 11596 | D:10     | Noticed Nergalle
 11603 | D:10     | Killed a hill giant
 11642 | D:10     | Killed Nergalle
 11925 | D:10     | Noticed a hill giant
 11925 | D:10     | Noticed Fannar
 11989 | D:11     | Reached skill level 5 in Dodging
 12195 | D:10     | Found a basalt altar of Yredelemnul.
 12321 | D:10     | Killed Fannar
 12628 | Swamp:1  | Entered Level 1 of the Swamp
 13034 | Lair:3   | Reached skill level 5 in Translocations
 13097 | Lair:3   | Reached XP level 14. HP: 77/77 MP: 37/37
 13205 | Spider:1 | Entered Level 1 of the Spider Nest
 13358 | Spider:1 | Received a gift from Sif Muna
 13359 | Spider:1 | Identified Sif Muna's Incunabulum of Self-Knowledge (Sif Muna gifted it to you on level 1 of the Spider Nest)
 13847 | Spider:1 | Reached skill level 10 in Charms
 14180 | Spider:2 | Noticed Arachne
 14323 | Spider:2 | Killed Arachne
 14654 | Spider:1 | Noticed a ghost moth
 15174 | Swamp:2  | Reached skill level 14 in Spellcasting
 15266 | Swamp:2  | Noticed a thorn hunter
 15273 | Swamp:2  | Killed a thorn hunter
 15288 | Swamp:2  | Reached skill level 10 in Conjurations
 15735 | Swamp:4  | Learned a level 6 spell: Freezing Cloud
 15817 | Swamp:5  | Entered Level 5 of the Swamp
 15821 | Swamp:5  | Reached XP level 15. HP: 69/83 MP: 37/38
 15890 | Swamp:5  | Reached skill level 1 in Air Magic
 16138 | Swamp:5  | Received a gift from Sif Muna
 16139 | Swamp:5  | Identified Iskenderun's Papyrus of Aerial Arcane Weapons (Sif Muna gifted it to you on level 5 of the Swamp)
 16216 | Swamp:5  | Noticed the 27-headed Lernaean hydra
 16408 | Swamp:5  | Got a decaying rune of Zot
 16502 | Swamp:5  | Noticed a thorn hunter
 16507 | Swamp:5  | Killed a thorn hunter
 16623 | Swamp:5  | Killed the 27-headed Lernaean hydra
 17679 | Lair:7   | Killed a catoblepas
 17749 | Lair:7   | Found a staircase to the Slime Pits.
 17897 | Slime:1  | Entered Level 1 of the Pits of Slime
 17912 | Slime:2  | Reached skill level 15 in Spellcasting
 17937 | Slime:2  | Paralysed by a giant eyeball for 4 turns
 17945 | Slime:3  | Noticed an acid blob
 17950 | Slime:3  | Killed an acid blob
 17956 | Slime:3  | Noticed an acid blob
 17963 | Slime:3  | Killed an acid blob
 18079 | Slime:6  | Entered Level 6 of the Pits of Slime
 18079 | Slime:6  | Noticed an azure jelly
 18085 | Slime:6  | Killed an azure jelly
 18085 | Slime:6  | Received a gift from Sif Muna
 18132 | Slime:6  | Noticed an acid blob
 18133 | Slime:6  | Noticed an acid blob
 18144 | Slime:6  | Killed an acid blob
 18144 | Slime:6  | Killed an acid blob
 18206 | Slime:6  | Noticed an acid blob
 18215 | Slime:6  | Killed an acid blob
 18215 | Slime:6  | Reached XP level 16. HP: 90/90 MP: 23/40
 18258 | Slime:6  | Noticed an acid blob
 18264 | Slime:6  | Killed an acid blob
 18264 | Slime:6  | Reached skill level 5 in Air Magic
 18299 | Slime:6  | Noticed an acid blob
 18306 | Slime:6  | Killed an acid blob
 18368 | Slime:6  | Noticed an acid blob
 18375 | Slime:6  | Killed an acid blob
 18442 | Slime:1  | Noticed ulrikemeinhof's ghost (powerful SpWr)
 18735 | Slime:6  | Found a viscous altar of Jiyva.
 18737 | Slime:6  | Noticed the royal jelly
 18741 | Slime:6  | Noticed an acid blob
 18748 | Slime:6  | Killed an acid blob
 18789 | Slime:6  | Noticed an azure jelly
 18798 | Slime:6  | Killed an azure jelly
 18899 | Slime:6  | Noticed an acid blob
 18905 | Slime:6  | Killed an acid blob
 18928 | Slime:6  | Noticed an azure jelly
 18934 | Slime:6  | Killed an azure jelly
 19052 | Slime:6  | Noticed an acid blob
 19056 | Slime:6  | Killed an acid blob
 19065 | Slime:6  | Noticed an acid blob
 19070 | Slime:6  | Killed an acid blob
 19082 | Slime:6  | Noticed an acid blob
 19087 | Slime:6  | Killed an acid blob
 19087 | Slime:6  | Received a gift from Sif Muna
 19087 | Slime:6  | Reached skill level 16 in Spellcasting
 19088 | Slime:6  | Identified Sif Muna's Advanced Steps in Witchcraft (Sif Muna gifted it to you on level 6 of the Pits of Slime)
 19109 | Slime:6  | Noticed an acid blob
 19110 | Slime:6  | Noticed an acid blob
 19161 | Slime:6  | Gained mutation: Your magical capacity is low (-10% MP). [a shining eye]
 19164 | Slime:6  | Gained mutation: Your magical capacity is very low (-20% MP). [a shining eye]
 19167 | Slime:6  | Gained mutation: Armour fits poorly on your strangely shaped body. [a shining eye]
 19232 | Slime:6  | Mangled by the royal jelly

Action                   |  1- 3 |  4- 6 |  7- 9 | 10-12 | 13-15 | 16-18 || total
-------------------------+-------+-------+-------+-------+-------+-------++-------
Melee: Short sword       |       |    27 |       |       |       |       ||    27
       Halberd           |       |    30 |    81 |       |       |       ||   111
       Rod               |       |       |       |     1 |       |       ||     1
       Staff             |       |       |       |     4 |     9 |       ||    13
 Cast: Freeze            |    30 |    31 |    61 |    55 |    44 |     4 ||   225
       Throw Frost       |     8 |    31 |    14 |    51 |    69 |       ||   173
       Ozocubu's Armour  |       |     3 |       |       |    35 |     2 ||    40
       Condensation Shie |       |     1 |     1 |     1 |    42 |     1 ||    46
       Summon Ice Beast  |       |    17 |    55 |    97 |   101 |    28 ||   298
       Throw Icicle      |       |     1 |    41 |   251 |   759 |    87 ||  1139
       Blink             |       |       |     1 |     5 |    36 |    17 ||    59
       Conjure Flame     |       |       |       |    14 |    29 |       ||    43
       Regeneration      |       |       |       |    12 |    34 |     5 ||    51
       Freezing Cloud    |       |       |       |       |    16 |     6 ||    22
Invok: Channel Energy    |       |       |    71 |   363 |  1083 |   126 ||  1643
 Abil: Evoke Teleportati |       |       |       |       |     1 |       ||     1
Evoke: Wand              |       |       |       |    11 |    21 |     5 ||    37
       Rod               |       |       |       |     1 |       |       ||     1
       Disc of storms    |       |       |       |       |     1 |       ||     1
  Use: Scroll            |     2 |     1 |     9 |    15 |    18 |     1 ||    46
       Potion            |       |     4 |     6 |     4 |    11 |     2 ||    27
 Stab: Sleeping          |       |     1 |     4 |       |       |       ||     5
       Distracted        |       |       |     3 |       |       |       ||     3
